 Dungeon Crawl Stone Soup version 0.20.1-1-g8b1a95d (webtiles) character file.

84 rgaf the Cutter (level 4, -16/23 HPs)
             Began as a Vine Stalker Fighter on Oct 19, 2017.
             Killed from afar by Ijyb (22 damage)
             ... with a wand of lightning (?/15)
             ... on level 3 of the Dungeon.
             The game lasted 00:01:58 (1733 turns).

rgaf the Cutter (Vine Stalker Fighter)              Turns: 1733, Time: 00:01:59

Health: -16/23     AC:  7    Str: 20    XL:     4   Next: 46%
Magic:  0/5        EV:  7    Int:  8    God:
Gold:   134        SH:  9    Dex: 13    Spells: 3/3 levels left

rFire    . . .     SeeInvis .   a - +0 rapier
rCold    . . .     Gourm    .   c - +0 shield
rNeg     . . .     Faith    .   b - +0 scale mail
rPois    .         Spirit   +   (no helmet)
rElec    .         Reflect  .   (no cloak)
rCorr    .         Harm     .   (no gloves)
MR       .....                  o - +0 pair of boots
Stlth    ..........             (no amulet)
Regen    0.5/turn               (no ring)
MPRegen  0.1/turn               (no ring)

@: no status effects
A: fangs 2, regeneration 1, magic shield, antimagic bite, no potion heal 3, rot
immunity
a: no special abilities


You were on level 3 of the Dungeon.
You were not hungry.

You visited 1 branch of the dungeon, and saw 3 of its levels.

You collected 134 gold pieces.

Inventory:

Hand Weapons
 a - a +0 rapier (weapon)
Armour
 b - a +0 scale mail (worn)
 c - a +0 shield (worn)
 o - a +0 pair of boots (worn)
Jewellery
 h - an uncursed ring of see invisible {unknown}
Scrolls
 e - a scroll of remove curse
 j - a scroll of identify {unknown}
 l - a scroll of teleportation {unknown}
 m - a scroll of recharging {unknown}
 n - a scroll of magic mapping
 q - a scroll of immolation {unknown}
Potions
 d - a potion of might
 k - 2 potions of berserk rage {unknown}
Comestibles
 f - a bread ration
 g - 2 fruits
 i - a meat ration
 p - 3 chunks of flesh


   Skills:
 - Level 2.6 Fighting
 + Level 4.1 Short Blades
 - Level 2.4 Armour
 - Level 2.6 Shields


You had 3 spell levels left.
You didn't know any spells.

Dungeon Overview and Level Annotations

Branches:
Dungeon (3/15)

Altars:
Nemelex Xobeh

Annotations:
D:3 Ijyb


Innate Abilities, Weirdness & Mutations

You have extremely sharp teeth.
Your natural rate of healing is unusually fast.
When hurt, damage is shared between your health and your magic reserves.
Your bite disrupts and absorbs the magic of your enemies.
Potions cannot restore your health.
You are immune to rotting.


Message History

The bolt of lightning hits you!
Ouch! That really hurt!
* * * LOW HITPOINT WARNING * * *
It is a wand of lightning (?/15).
You see here a stone.
As you read the scroll labeled OBUHO ISIERE, it crumbles to dust.
You feel blessed for a moment.
It was a scroll of remove curse.
Okay, then.
Okay, then.
As you read the scroll labeled COPPUEWIESI, it crumbles to dust.
You feel aware of your surroundings.
It was a scroll of magic mapping.
There is an open gate here.
You see here a robe.
Ijyb zaps a wand.
The bolt of lightning hits the goblin.
The goblin dies!
The bolt of lightning hits you!
* * * LOW HITPOINT WARNING * * *
Ijyb zaps a wand.
The bolt of lightning hits you!
Ouch! That really hurt!
You die...

#.....# #.#.#.#
#...(.######.#.#.#
#.....)......#.#.#
#....#########.#.#
#...†....#<.((((.########
#..............≈≈≈≈≈≈≈≈≈≈
#....###.#####≈≈≈≈≈≈≈≈≈≈≈
#.....##.# #≈≈≈.........
#####.##@# #≈≈.......... *.##.#
#≈≈).#####... *.##.#
##≈≈..#...#### *.##.#
#≈≈≈..(...'..#
*************.##)###≈≈≈..#...#..#
,,,,,,,,,,,,,,*#[##≈≈#########).#
***************#.g.≈≈#..........#
#.#(..g.....)....# *****
#.#...'.....)†...#


You could see Ijyb.

Vanquished Creatures
  3 adders (D:2)
  A worm (D:3)
  A leopard gecko (D:1)
  An orc (D:3)
  2 ball pythons (D:1)
  2 giant cockroaches
  14 goblins
  3 hobgoblins
  3 jackals (D:3)
  8 bats
  A frilled lizard (D:2)
  6 kobolds
  4 rats (D:2)
49 creatures vanquished.

Vanquished Creatures (others)
  2 goblins (D:3)
2 creatures vanquished.

Grand Total: 51 creatures vanquished

Notes
Turn   | Place    | Note
-------+----------+-------------------------------------------
     0 | D:1      | rgaf the Vine Stalker Fighter began the quest for the Orb.
     0 | D:1      | Reached XP level 1. HP: 11/11 MP: 2/2
    67 | D:1      | Reached skill level 2 in Short Blades
   122 | D:1      | Reached XP level 2. HP: 11/16 MP: 3/3
   347 | D:1      | Found a sparkling altar of Nemelex Xobeh.
   636 | D:1      | Reached skill level 3 in Short Blades
   718 | D:2      | Reached XP level 3. HP: 19/19 MP: 4/4
  1474 | D:2      | Gained mutation: Your natural rate of healing is unusually fast. [Vine Stalker growth]
  1474 | D:2      | Reached XP level 4. HP: 21/23 MP: 5/5
  1570 | D:3      | Reached skill level 4 in Short Blades
  1708 | D:3      | Noticed Ijyb
  1733 | D:3      | Killed from afar by Ijyb

Skill      XL: |  1  2  3  4 |
---------------+-------------+-----
Short Blades   | 2 3 4 |  4.1
Fighting       | |  2.6
Armour         | |  2.4
Shields        | |  2.6

Action                   |  1- 3 |  4- 6 || total
-------------------------+-------+-------++-------
Melee: Rapier            |    97 |    30 ||   127
       Bite              |    24 |     9 ||    33
  Use: Scroll            |       |     2 ||     2
  Eat: Chunk             |     1 |     2 ||     3
Armor: Scale mail        |    40 |    13 ||    53
Dodge: Dodged            |    24 |    20 ||    44
Block: Shield            |    61 |    12 ||    73
